 Dungeon Crawl Stone Soup version 0.31-a0-174-g85c54bcb58 (webtiles) character file.

Game seed: 9716549661664977265

5631 qw the Skirmisher (level 10, -7/92 HPs)
             Began as a Naga Hunter on June 15, 2023.
             Was a Believer of Okawaru.
             Mangled by Grum
             ... wielding a +1 glaive
              (17 damage)
             ... on level 8 of the Dungeon.
             The game lasted 00:02:18 (5983 turns).

qw the Skirmisher (Naga Hunter)                     Turns: 5983, Time: 00:02:19

Health: -7/92      AC: 12    Str: 14    XL:     10   Next: 74%
Magic:  11/13      EV: 18    Int:  9    God:    Okawaru [**....]
Gold:   473        SH:  0    Dex: 19    Spells: 9/9 levels left

rFire   + . .        Y - +0 shortbow (heavy)
rCold   . . .        (shield currently unavailable)
rNeg    . . .        f - +2 ring mail {rF+}
rPois   +            k - +2 helmet of Imperfection {rElec Regen+ Slay+3}
rElec   +            (no cloak)
rCorr   .            (no gloves)
SInv    +            (no barding)
Will    ++...        i - amulet of faith
Stlth   +++          a - +5 ring of evasion
HPRegen 1.15/turn    n - ring of willpower
MPRegen 0.13/turn

%: faith
@: about to teleport, short of breath, heroic, very slow
A: AC +3, large, see invisible, deformed body, poison resistance, slowness 2,
spit poison 1, naga tail 1
a: Spit Poison, Renounce Religion, Heroism


You were on level 8 of the Dungeon.
You worshipped Okawaru.
Okawaru was pleased with you.
You visited 2 branches of the dungeon, and saw 9 of its levels.

You collected 473 gold pieces.


Innate Abilities, Weirdness & Mutations

Your serpentine skin is tough. (AC +3)
You have supernaturally acute eyesight. (SInv)
Armour fits poorly on your strangely shaped body.
Your system is resistant to poisons. (rPois)
You cover ground very slowly.
You can spit poison.
You have a snake-like lower body.


   Skills:
 + Level 6.5(11.5) Fighting
 - Level 14.0(19.0) Ranged Weapons
 - Level 1.0(6.0) Armour
 - Level 3.0(8.0) Dodging
 - Level 1.5(6.5) Stealth
 - Level 4.1 Invocations


You had 9 spell levels left.
You didn't know any spells.
Your spell library was empty.

Inventory:

Hand Weapons
 Y - a +0 heavy shortbow (weapon)
Armour
 f - a +2 ring mail of fire resistance (worn)
 k - the +2 helmet of Imperfection (worn) {rElec Regen+ Slay+3}
   (You took it off Robin on level 3 of the Dungeon)

   Slay:      It affects your accuracy & damage with ranged weapons and melee
   (+3).
   rElec:     It insulates you from electricity.
   Regen:     It increases your rate of health regeneration.
Jewellery
 a - a +5 ring of evasion (left hand)
 d - an amulet of reflection
 i - an amulet of faith (around neck)
 l - a ring of fire
 n - a ring of willpower (right hand)
Scrolls
 h - a scroll of identify
 j - a scroll of enchant armour
Potions
 e - 4 potions of curing
 m - a potion of heal wounds {unknown}
 o - a potion of mutation {unknown}

Dungeon Overview and Level Annotations

Branches:
Dungeon (8/15)             Temple (1/1) D:4
   Lair: D:8-11

Altars:
Ashenzari
Cheibriados
Dithmenos
Elyvilon
Fedhas
Gozag
Hepliaklqana
Kikubaaqudgha
Makhleb
Nemelex Xobeh
Okawaru
Qazlal
Ru
Sif Muna
Trog
Uskayaw
Vehumet
Wu Jian
Xom
Yredelemnul
Zin
The Shining One

Annotations:
D:8 Grum


Message History

You shoot an arrow. The arrow hits the wolf.
The wolf is moderately wounded.
The wolf barely misses you. The wolf closely misses you.
Grum stares intently and snarls.
Grum completely misses you. The wolf misses you. x2
You shoot an arrow. The arrow barely misses the wolf.
The wolf barely misses you. x2
Grum glances around and shouts, "Junior!
Here boy!"
Grum closely misses you. The wolf misses you. The wolf bites you.
You shoot an arrow. The arrow closely misses the wolf.
The wolf bites you but does no damage. The wolf misses you.
Grum hits you from afar with a +1 glaive!
The wolf misses you. The wolf barely misses you. Grum barely misses you.
You shoot an arrow. The arrow hits the wolf!
You kill the wolf!
Okawaru accepts your kill. The wolf closely misses you. Grum barely misses you.
The wolf misses you.
You shoot an arrow. The arrow hits the wolf!!
You kill the wolf!
Okawaru accepts your kill.
You feel like a meek peon again. Grum closely misses you.
5980 ||| INVOKING Heroism.
You gain the combat prowess of a mighty hero.
You have got your breath back.
Grum hits you from afar with a +1 glaive!!
5981 ||| INVOKING Spit Poison.
Aiming: Spit Poison (1% risk of failure)
Press: ? - help, Shift-Dir - straight line, f - Grum The splash of poison hits Grum.
Grum is poisoned.
Grum is lightly wounded.
Grum hits you from afar with a +1 glaive!!
5982 ||| READING scroll of teleportation.
As you read the scroll of teleportation, it crumbles to dust.
You feel strangely unstable. Grum closely misses you.
You shoot an arrow. The arrow hits Grum!!
Grum is heavily wounded.
Grum hits you from afar with a +1 glaive!
You die...

....... .......
....... ##...#
....... ....# ).)..
...####### .g.
.>......# #)##
##.#.....# #%@##
#..#.....#
##..####........#
##..............#
####).#.##.##.######
#....##.##.##.#
###.#####.##.##.####
## ##...#
#.^..##....##### #.
####..###
###..####.......
###.##....##
##..###.......


You could see Grum (poisoned).

Vanquished Creatures
  A troll (D:7)
  Prince Ribbit (D:7)
  A hornet (D:7)
  Sigmund (D:5)
  Menkaure (D:7)
  A water moccasin (D:5)
  An orc warrior (D:5)
  3 ice beasts
  2 wolves (D:8)
  An ogre (D:6)
  A phantom (D:5)
  3 bullfrogs
  5 scorpions
  3 wights (D:8)
  3 howler monkeys (D:7)
  5 hounds
  2 jellies
  3 orc priests
  2 iguanas (D:5)
  4 orc wizards
  Robin (D:3)
  4 adders
  2 white imps
  2 ufetubi
  3 worms
  4 dart slugs
  10 orcs
  4 endoplasms
  2 giant cockroaches
  16 goblins
  8 hobgoblins
  8 jackals
  6 kobolds
  4 quokkas
  4 ball pythons
  8 bats
  5 frilled lizards
  6 rats
141 creatures vanquished.

Notes
Turn   | Place    | Note
-------+----------+-------------------------------------------
     0 | D:1      | qw the Naga Hunter began the quest for the Orb.
     0 | D:1      | Reached XP level 1. HP: 19/19 MP: 1/1
     0 | D:1      | 0 ||| qw: Version: 0.2-a-29-g511e9b1
     0 | D:1      | 0 ||| qw: Game counter: 5630
     0 | D:1      | 0 ||| qw: Always use a shield: true
     0 | D:1      | 0 ||| qw: God list: Okawaru
     0 | D:1      | 0 ||| qw: Allow faded altars: false
     0 | D:1      | 0 ||| qw: Do Orc after D:15 true
     0 | D:1      | 0 ||| qw: Do second Lair branch before Depths: true
     0 | D:1      | 0 ||| qw: Lair rune preference: random
     0 | D:1      | 0 ||| qw: Plans: Normal
     0 | D:1      | 0 ||| PLANNING D:1-11
    12 | D:1      | 12 ||| INVOKING Spit Poison.
    26 | D:1      | 26 ||| INVOKING Spit Poison.
    45 | D:1      | 45 ||| INVOKING Spit Poison.
    48 | D:1      | 48 ||| INVOKING Spit Poison.
    76 | D:1      | 76 ||| FLEEEEING.
    77 | D:1      | 77 ||| FLEEEEING.
    78 | D:1      | 78 ||| FLEEEEING.
    86 | D:1      | 86 ||| FLEEEEING.
    87 | D:1      | 87 ||| FLEEEEING.
    93 | D:1      | 93 ||| INVOKING Spit Poison.
    94 | D:1      | Reached skill level 4 in Ranged Weapons
    94 | D:1      | Reached XP level 2. HP: 26/26 MP: 2/2
   113 | D:1      | 113 ||| INVOKING Spit Poison.
   135 | D:1      | 135 ||| INVOKING Spit Poison.
   201 | D:1      | 201 ||| INVOKING Spit Poison.
   205 | D:1      | 205 ||| INVOKING Spit Poison.
   241 | D:1      | 241 ||| INVOKING Spit Poison.
   242 | D:1      | 242 ||| INVOKING Spit Poison.
   247 | D:1      | 247 ||| INVOKING Spit Poison.
   265 | D:1      | 265 ||| INVOKING Spit Poison.
   270 | D:1      | 270 ||| INVOKING Spit Poison.
   305 | D:1      | 305 ||| INVOKING Spit Poison.
   319 | D:1      | 319 ||| INVOKING Spit Poison.
   494 | D:1      | 494 ||| INVOKING Spit Poison.
   508 | D:1      | 508 ||| INVOKING Spit Poison.
   509 | D:1      | Reached XP level 3. HP: 32/32 MP: 3/3
   558 | D:1      | 558 ||| INVOKING Spit Poison.
   610 | D:1      | 610 ||| UPGRADING to amulet of reflection.
   615 | D:1      | 615 ||| READING scroll labelled OPHIESAGAT.
   618 | D:1      | 618 ||| READING scroll labelled REHUAGR GEOMY.
   619 | D:1      | 619 ||| READING scroll labelled HICUDA JAEPP.
   620 | D:1      | 620 ||| DROPPING scroll of butterflies.
   663 | D:2      | 663 ||| INVOKING Spit Poison.
   753 | D:2      | 753 ||| INVOKING Spit Poison.
   833 | D:2      | 833 ||| INVOKING Spit Poison.
   834 | D:2      | 834 ||| INVOKING Spit Poison.
   841 | D:2      | 841 ||| INVOKING Spit Poison.
   929 | D:2      | 929 ||| INVOKING Spit Poison.
   951 | D:2      | Noticed a scorpion
   953 | D:2      | 953 ||| INVOKING Spit Poison.
   959 | D:2      | 959 ||| INVOKING Spit Poison.
   960 | D:2      | Killed a scorpion
   961 | D:2      | Reached skill level 5 in Ranged Weapons
   961 | D:2      | Reached XP level 4. HP: 29/39 MP: 4/4
  1015 | D:2      | 1015 ||| INVOKING Spit Poison.
  1028 | D:2      | 1028 ||| INVOKING Spit Poison.
  1050 | D:2      | 1050 ||| INVOKING Spit Poison.
  1089 | D:2      | 1089 ||| INVOKING Spit Poison.
  1095 | D:2      | 1095 ||| INVOKING Spit Poison.
  1109 | D:2      | 1109 ||| INVOKING Spit Poison.
  1147 | D:2      | 1147 ||| INVOKING Spit Poison.
  1178 | D:2      | 1178 ||| INVOKING Spit Poison.
  1269 | D:2      | 1269 ||| UPGRADING to +2 ring mail of fire resistance.
  1279 | D:2      | 1279 ||| DROPPING +0 leather armour.
  1280 | D:2      | 1280 ||| READING scroll labelled MUWOAGG XIERCH.
  1281 | D:2      | 1281 ||| READING 2 scrolls labelled LENWUPN HENOPT.
  1282 | D:2      | 1282 ||| READING scroll labelled OCRAEV ORICH.
  1348 | D:2      | 1348 ||| READING scroll labelled CIRAIT LE ZIAB.
  1455 | D:3      | 1455 ||| INVOKING Spit Poison.
  1461 | D:3      | 1461 ||| INVOKING Spit Poison.
  1467 | D:3      | 1467 ||| INVOKING Spit Poison.
  1492 | D:3      | 1492 ||| INVOKING Spit Poison.
  1528 | D:3      | Found a broken altar of Ashenzari.
  1536 | D:3      | 1536 ||| INVOKING Spit Poison.
  1545 | D:3      | 1545 ||| INVOKING Spit Poison.
  1560 | D:3      | 1560 ||| INVOKING Spit Poison.
  1561 | D:3      | Reached XP level 5. HP: 46/46 MP: 5/5
  1563 | D:3      | Identified the +2 helmet of Imperfection {rElec Regen+
                  | Slay+3}
  1563 | D:3      | Noticed Robin
  1565 | D:3      | 1565 ||| INVOKING Spit Poison.
  1568 | D:3      | 1568 ||| INVOKING Spit Poison.
  1574 | D:3      | 1574 ||| INVOKING Spit Poison.
  1576 | D:3      | Killed Robin
  1577 | D:3      | 1577 ||| INVOKING Spit Poison.
  1580 | D:3      | 1580 ||| INVOKING Spit Poison.
  1583 | D:3      | 1583 ||| INVOKING Spit Poison.
  1585 | D:3      | HP: 12/48 [hobgoblin[Robin] (2)]
  1586 | D:3      | 1586 ||| READING scroll of teleportation.
  1588 | D:3      | 1588 ||| INVOKING Spit Poison.
  1759 | D:3      | 1759 ||| INVOKING Spit Poison.
  1794 | D:3      | 1794 ||| INVOKING Spit Poison.
  1796 | D:3      | Reached skill level 3 in Fighting
  1799 | D:3      | 1799 ||| INVOKING Spit Poison.
  1805 | D:3      | 1805 ||| INVOKING Spit Poison.
  1888 | D:3      | 1888 ||| INVOKING Spit Poison.
  1892 | D:3      | 1892 ||| INVOKING Spit Poison.
  1895 | D:3      | 1895 ||| INVOKING Spit Poison.
  1899 | D:3      | 1899 ||| INVOKING Spit Poison.
  1945 | D:3      | 1945 ||| Stepping ~*~*~tactically~*~*~ (outnumbered).
  1949 | D:3      | 1949 ||| Stepping ~*~*~tactically~*~*~ (outnumbered).
  1951 | D:3      | 1951 ||| Stepping ~*~*~tactically~*~*~ (outnumbered).
  1953 | D:3      | 1953 ||| Stepping ~*~*~tactically~*~*~ (outnumbered).
  1955 | D:3      | 1955 ||| INVOKING Spit Poison.
  1959 | D:3      | 1959 ||| INVOKING Spit Poison.
  1963 | D:3      | 1963 ||| INVOKING Spit Poison.
  1978 | D:3      | 1978 ||| Stepping ~*~*~tactically~*~*~ (outnumbered).
  1980 | D:3      | 1980 ||| INVOKING Spit Poison.
  2054 | D:3      | Found a sparkling altar of Nemelex Xobeh.
  2249 | D:3      | 2249 ||| UPGRADING to +2 helmet of Imperfection {rElec
                  | Regen+ Slay+3}.
  2254 | D:3      | 2254 ||| UPGRADING to amulet of faith.
  2264 | D:3      | 2264 ||| DRINKING 3 fuming purple potions.
  2265 | D:3      | 2265 ||| READING 2 scrolls of identify.
  2265 | D:3      | 2265 ||| IDENTIFYING yellow potion
  2266 | D:3      | 2266 ||| DROPPING potion of attraction.
  2267 | D:3      | 2267 ||| DROPPING 2 potions of degeneration.
  2291 | D:4      | Reached skill level 1 in Armour
  2291 | D:4      | Reached XP level 6. HP: 56/56 MP: 6/6
  2296 | D:4      | Found a bloodstained altar of Trog.
  2379 | D:4      | Found a staircase to the Ecumenical Temple.
  2380 | D:4      | 2380 ||| PLANNING TEMPLE
  2380 | D:4      | 2380 ||| UPGRADING to +5 ring of evasion.
  2385 | D:4      | 2385 ||| INVOKING Spit Poison.
  2391 | Temple   | Entered the Ecumenical Temple
  2391 | Temple   | Found a transporter.
  2391 | Temple   | Found a transporter.
  2393 | Temple   | Found a transporter.
  2393 | Temple   | Found a transporter.
  2402 | Temple   | 2402 ||| PLANNING OKAWARU WORSHIP
  2409 | Temple   | Became a worshipper of Warmaster Okawaru
  2410 | Temple   | 2410 ||| PLANNING D:1-11
  2559 | D:4      | 2559 ||| INVOKING Spit Poison.
  2682 | D:4      | 2682 ||| INVOKING Spit Poison.
  2687 | D:4      | 2687 ||| INVOKING Spit Poison.
  2699 | D:4      | 2699 ||| INVOKING Spit Poison.
  2722 | D:4      | 2722 ||| INVOKING Spit Poison.
  2725 | D:4      | 2725 ||| INVOKING Spit Poison.
  2732 | D:4      | 2732 ||| INVOKING Spit Poison.
  2753 | D:4      | 2753 ||| INVOKING Spit Poison.
  2757 | D:4      | Reached skill level 6 in Ranged Weapons
  2833 | D:4      | 2833 ||| INVOKING Spit Poison.
  2838 | D:4      | 2838 ||| INVOKING Spit Poison.
  2888 | D:4      | 2888 ||| INVOKING Spit Poison.
  2931 | D:4      | 2931 ||| INVOKING Spit Poison.
  3312 | D:4      | 3312 ||| READING scroll labelled ODINOTA KECWEPHEP.
  3313 | D:4      | 3313 ||| READING scroll labelled HAEHEF LUK.
  3334 | D:5      | Entered Level 5 of the Dungeon
  3366 | D:5      | 3366 ||| INVOKING Spit Poison.
  3372 | D:5      | 3372 ||| INVOKING Spit Poison.
  3376 | D:5      | 3376 ||| INVOKING Spit Poison.
  3394 | D:5      | Reached * piety under Okawaru
  3395 | D:5      | Reached XP level 7. HP: 62/64 MP: 7/7
  3455 | D:5      | 3455 ||| INVOKING Heroism.
  3456 | D:5      | 3456 ||| INVOKING Heroism.
  3457 | D:5      | 3457 ||| INVOKING Spit Poison.
  3464 | D:5      | 3464 ||| INVOKING Spit Poison.
  3470 | D:5      | 3470 ||| INVOKING Spit Poison.
  3471 | D:5      | HP: 15/64 [orc warrior/+0 long sword (9)]
  3472 | D:5      | 3472 ||| READING 2 scrolls of teleportation.
  3473 | D:5      | HP: 1/64 [orc warrior/+0 long sword (9)]
  3474 | D:5      | 3474 ||| INVOKING Spit Poison.
  3475 | D:5      | Reached skill level 7 in Ranged Weapons
  3560 | D:5      | 3560 ||| INVOKING Spit Poison.
  3580 | D:5      | Found a glowing golden altar of the Shining One.
  3580 | D:5      | Found a radiant altar of Vehumet.
  3648 | D:5      | Noticed Sigmund
  3649 | D:5      | 3649 ||| INVOKING Heroism.
  3656 | D:5      | 3656 ||| INVOKING Spit Poison.
  3660 | D:5      | 3660 ||| INVOKING Heroism.
  3661 | D:5      | 3661 ||| INVOKING Spit Poison.
  3663 | D:5      | Killed Sigmund
  3664 | D:5      | Reached skill level 3 in Dodging
  3664 | D:5      | Reached XP level 8. HP: 70/72 MP: 4/8
  3721 | D:5      | 3721 ||| INVOKING Spit Poison.
  3762 | D:5      | 3762 ||| INVOKING Spit Poison.
  3765 | D:5      | Reached skill level 1 in Invocations
  3832 | D:5      | 3832 ||| INVOKING Spit Poison.
  3963 | D:5      | 3963 ||| INVOKING Spit Poison.
  3969 | D:5      | 3969 ||| INVOKING Spit Poison.
  3975 | D:5      | 3975 ||| INVOKING Spit Poison.
  4044 | D:5      | 4044 ||| READING 3 scrolls labelled PIPHOGG WEHO.
  4045 | D:5      | 4045 ||| READING scroll labelled TYSYGE TUIBUI.
  4046 | D:5      | 4046 ||| DRINKING 2 white potions.
  4047 | D:5      | 4047 ||| DROPPING 2 scrolls of fog.
  4072 | D:6      | 4072 ||| INVOKING Spit Poison.
  4077 | D:6      | 4077 ||| INVOKING Spit Poison.
  4080 | D:6      | 4080 ||| INVOKING Spit Poison.
  4082 | D:6      | 4082 ||| STAIRDANCE
  4084 | D:5      | 4084 ||| INVOKING Heroism.
  4090 | D:5      | Reached skill level 8 in Ranged Weapons
  4147 | D:6      | Reached skill level 3 in Invocations
  4164 | D:6      | 4164 ||| INVOKING Spit Poison.
  4294 | D:6      | 4294 ||| INVOKING Spit Poison.
  4298 | D:6      | 4298 ||| INVOKING Heroism.
  4300 | D:6      | 4300 ||| INVOKING Spit Poison.
  4301 | D:6      | Reached ** piety under Okawaru
  4345 | D:6      | Found a glowing silver altar of Zin.
  4429 | D:6      | 4429 ||| INVOKING Spit Poison.
  4435 | D:6      | 4435 ||| INVOKING Spit Poison.
  4557 | D:6      | 4557 ||| UPGRADING to ring of willpower.
  4586 | D:7      | Found a basalt altar of Yredelemnul.
  4586 | D:7      | Noticed Prince Ribbit
  4587 | D:7      | 4587 ||| INVOKING Heroism.
  4588 | D:7      | 4588 ||| INVOKING Spit Poison.
  4594 | D:7      | 4594 ||| INVOKING Spit Poison.
  4595 | D:7      | Killed Prince Ribbit
  4596 | D:7      | Reached XP level 9. HP: 80/81 MP: 10/12
  4618 | D:7      | Noticed Menkaure
  4619 | D:7      | 4619 ||| INVOKING Heroism.
  4625 | D:7      | Killed Menkaure
  4626 | D:7      | Reached skill level 9 in Ranged Weapons
  4663 | D:7      | Noticed a troll
  4664 | D:7      | 4664 ||| INVOKING Heroism.
  4665 | D:7      | 4665 ||| INVOKING Spit Poison.
  4671 | D:7      | 4671 ||| INVOKING Spit Poison.
  4673 | D:7      | Killed a troll
  4805 | D:7      | 4805 ||| INVOKING Heroism.
  4806 | D:7      | 4806 ||| INVOKING Spit Poison.
  4822 | D:7      | 4822 ||| INVOKING Spit Poison.
  4855 | D:7      | 4855 ||| INVOKING Spit Poison.
  4870 | D:7      | 4870 ||| INVOKING Spit Poison.
  4875 | D:7      | Reached skill level 6 in Fighting
  4877 | D:7      | 4877 ||| INVOKING Spit Poison.
  4891 | D:7      | 4891 ||| INVOKING Spit Poison.
  4927 | D:7      | 4927 ||| INVOKING Spit Poison.
  4978 | D:7      | 4978 ||| INVOKING Spit Poison.
  5124 | D:7      | 5124 ||| INVOKING Spit Poison.
  5261 | D:7      | Noticed a hornet
  5262 | D:7      | 5262 ||| INVOKING Spit Poison.
  5266 | D:7      | 5266 ||| INVOKING Spit Poison.
  5269 | D:7      | 5269 ||| INVOKING Spit Poison.
  5271 | D:7      | Killed a hornet
  5835 | D:7      | 5835 ||| READING scroll labelled TYANETWIRO.
  5836 | D:7      | 5836 ||| READING 3 scrolls of identify.
  5836 | D:7      | 5836 ||| IDENTIFYING sedimented inky potion
  5837 | D:7      | 5837 ||| READING 2 scrolls of identify.
  5837 | D:7      | 5837 ||| IDENTIFYING glowing green potion
  5838 | D:7      | 5838 ||| DRINKING potion of experience.
  5838 | D:7      | Reached skill level 14 in Ranged Weapons
  5838 | D:7      | Reached XP level 10. HP: 91/91 MP: 13/13
  5839 | D:7      | 5839 ||| DROPPING potion of lignification.
  5963 | D:8      | 5963 ||| INVOKING Spit Poison.
  5964 | D:8      | 5964 ||| INVOKING Heroism.
  5965 | D:8      | Noticed Grum
  5968 | D:8      | 5968 ||| INVOKING Spit Poison.
  5974 | D:8      | 5974 ||| INVOKING Spit Poison.
  5980 | D:8      | 5980 ||| INVOKING Heroism.
  5981 | D:8      | 5981 ||| INVOKING Spit Poison.
  5981 | D:8      | HP: 8/92 [Grum/+1 glaive (28)]
  5982 | D:8      | 5982 ||| READING scroll of teleportation.
  5983 | D:8      | Mangled by Grum

Levels and vault maps discovered:
D:1:      nzn_arrival_crosshair, layout_loops_cross
D:2:      layout_loops_cross
D:3:      layout_basic, mainiacjoe_overflow_24_doors,
          nemelex_diamond_rough_becter, corner_web_ring, minmay_mini_jars,
          uniq_robin
D:4:      kennysheep_spiral_hall, layout_basic, lemuel_round_altar,
          minmay_temple_entry_statues_fountains
D:5:      layout_loops_ring, gammafunk_temple_overflow_statue, uniq_sigmund
D:6:      layout_cave_pools, kennysheep_mini
D:7:      layout_layer_cave, yredelemnul_altar_generic,
          nicolae_figureground_sparkle, uniq_menkaure, uniq_prince_ribbit1
D:8:      layout_rooms, uniq_grum
Temple:   hellmonk_temple_divided_pantheon

Skill      XL: |  1  2  3  4  5  6  7  8  9 |
---------------+----------------------------+-----
Ranged Weapons | 4 5 6 7 8 14 | 14.0
Fighting       | 3 4 5 6 |  6.5
Armour         | 1 |  1.0
Dodging        | 3 |  3.0
Invocations    | 4 |  4.1
Stealth        | |  1.5

Action                     |  1- 3 |  4- 6 |  7- 9 | 10-12 || total
---------------------------+-------+-------+-------+-------++-------
   Fire: Shortbow          |    51 |   137 |   137 |    25 ||   350
 Invoke: Heroism           |       |       |     9 |     2 ||    11
Ability: Spit Poison       |    25 |    50 |    37 |     4 ||   116
    Use: Scroll            |     3 |     8 |     6 |     1 ||    18
         Potion            |       |     1 |     2 |       ||     3
 Armour: Leather armour    |     3 |     5 |       |       ||     8
         Ring mail         |       |    61 |    26 |     3 ||    90
  Dodge: Dodged            |     9 |    76 |    64 |    27 ||   176
  Block: Other             |     3 |    36 |       |       ||    39
         Reflection        |       |     2 |       |       ||     2

Table legend:
 A = Non-vault XP
 B = Vault XP
 C = Vault XP percentage of total XP
 D = Non-vault monster count
 E = Vault monster count
 F = Vault count percentage of total count
                 A         B        C        D         E       F
            +---------+---------+-------+---------+---------+-------
      Total |    3317 |    1088 |  24.7 |     111 |      30 |  21.3
            +---------+---------+-------+---------+---------+-------
        D:1 |      37 |       0 |   0.0 |      20 |       0 |   0.0
        D:2 |     115 |       0 |   0.0 |      17 |       0 |   0.0
        D:3 |     102 |      63 |  38.2 |      15 |      21 |  58.3
        D:4 |      71 |      91 |  56.2 |      13 |       4 |  23.5
        D:5 |     910 |     239 |  20.8 |      15 |       1 |   6.2
        D:6 |     550 |       0 |   0.0 |       9 |       0 |   0.0
        D:7 |    1064 |     463 |  30.3 |      14 |       2 |  12.5
        D:8 |     468 |     232 |  33.1 |       8 |       2 |  20.0
            +---------+---------+-------+---------+---------+-------
